 Dungeon Crawl Stone Soup version 0.29-a0-283-ga02f740833 (webtiles) character file.

Game seed: 5842979170022756461

170 Inarius the Chopper (level 5, -5/36 (41) HPs)
             Began as a Human Fighter on Mar 13, 2022.
             Slain by a sky beast (6 damage)
             ... on level 3 of the Dungeon.
             The game lasted 00:04:24 (3208 turns).

Inarius the Chopper (Human Fighter)                 Turns: 3208, Time: 00:04:25

HP:   -5/36 (41)    AC: 10    Str: 19    XL:     5   Next: 80%
MP:   5/5           EV:  7    Int:  8    God:
Gold: 170           SH:  8    Dex: 12    Spells: 4/4 levels left

rFire   . . .      SeeInvis .   a - +0 war axe
rCold   . . .      Faith    .   f - +0 kite shield
rNeg    . . .      Spirit   .   b - +0 scale mail
rPois   .          Reflect  .   k - +0 helmet
rElec   .          Harm     .   (no cloak)
rCorr   .          Rampage  .   l - +0 pair of gloves
Will    +....                   (no boots)
Stlth   ..........              (no amulet)
HPRegen 0.12/turn               (no ring)
MPRegen 0.09/turn               (no ring)

@: mighty, heavily drained
A: strong-willed 1, shaggy fur 1
a: no special abilities


You were on level 3 of the Dungeon.
You visited 1 branch of the dungeon, and saw 3 of its levels.
You also visited: Sewer.

You collected 170 gold pieces.

Inventory:

Hand Weapons
 a - a +0 war axe (weapon)
Armour
 b - a +0 scale mail (worn)
 f - a +0 kite shield (worn)
 j - a +0 chain mail
 k - a +0 helmet (worn)
 l - a +0 pair of gloves (worn)
Jewellery
 h - a ring of magical power
 n - an amulet of magic regeneration
Scrolls
 c - 2 scrolls of summoning
 g - a scroll of amnesia {unknown}
 o - 2 scrolls of identify {unknown}
 p - a scroll of enchant weapon {unknown}
 q - a scroll of fear {unknown}
 r - 3 scrolls of magic mapping
 s - a scroll of brand weapon {unknown}
Potions
 e - 2 potions of flight {unknown}
 i - a potion of mutation
 m - a potion of lignification {unknown}


   Skills:
 + Level 3.4 Fighting
 * Level 4.5 Axes
 + Level 3.5 Armour
 + Level 3.3 Shields


You had 4 spell levels left.
You didn't know any spells.
Your spell library was empty.

Dungeon Overview and Level Annotations

Branches:
Dungeon (3/15)              Sewer (visited)

Altars:
Cheibriados
Ru

Annotations:
D:2 1 runed translucent door, Crazy Yiuf
D:3 Sigmund


Innate Abilities, Weirdness & Mutations

You are strong-willed. (Will+)
You are covered in fur. (AC +1)


Message History

No target in view!
HP restored.
You now have 170 gold pieces (gained 12).
Things that are here:
a +0 dagger; a goblin corpse
There is an open door here.
Things that are here:
2 stones; a +0 dagger
Found a sacrificial altar of Ru.
A sky beast comes into view.
You block the sky beast's attack.
You hit the sky beast but do no damage. You block the sky beast's attack.
The goblin hits you but does no damage.
You are poisoned.
The sky beast barely misses you.
You feel sick.
The sky beast flickers out of sight!
Deactivating autopickup; reactivate with Ctrl-A.
Something hits you but does no damage.
You feel sick.
A sky beast appears from thin air!
Reactivating autopickup.
The sky beast hits you but does no damage.
The goblin attacks as you move away! The goblin hits you but does no damage.
You are more poisoned.
You feel sick.
The sky beast flickers out of sight!
Deactivating autopickup; reactivate with Ctrl-A.
You feel sick. Something hits you. Something shocks you.
You feel sick. Something hits you but does no damage.
You feel sick. Something hits you. Something shocks you.
You feel sick.
You feel very mighty all of a sudden.
You feel sick. Something hits you. Something shocks you.
* * * LOW HITPOINT WARNING * * *
You slash something! You hit the goblin.
You kill the goblin!
You feel sick.
You are no longer poisoned.
Something hits you.
* * * LOW HITPOINT WARNING * * *
Something shocks you.
You die...

*,* ######.# *,* #.#
*******,***### #.# ,*,,,,,,,,,..#
#.# ,*,*###,####.# #.#####
,*,*,...,..#.# ######.##...
,*,*,##.##.#.# #...........
,*.#.#...#.#.#########.###...#..(
,,....._........@.......#.....###
,*.#.#...#.#.#.)#..###..##...##
.*,*,##.##.#.##....###..###.##
.*,*,...,..#.###...>....# #.#
#*,*###,####.##....####.# #.# #
*,,,,,,,,,..#.....# #.###+## #
***###,***####.##(####.##...## #
#*#..,* ####.##......#.....###
##.#..## #.........###.......##


There were no monsters in sight!

Vanquished Creatures
  A hell rat (Sewer)
  Robin (D:2)
  4 adders
  An adder skeleton (D:2)
  2 worms
  2 orcs (D:3)
  5 ball pythons
  4 bats
  A bat skeleton (D:2)
  2 bat zombies (D:2)
  4 endoplasms (D:1)
  2 giant cockroaches
  13 goblins
  9 hobgoblins
  4 jackals
  9 kobolds
  2 quokkas
  2 ball python zombies (D:2)
  4 frilled lizards
  2 giant cockroach zombies (D:2)
  A quokka zombie (D:2)
  12 rats
87 creatures vanquished.

Vanquished Creatures (others)
  2 withered plants (D:2)
2 creatures vanquished.

Grand Total: 89 creatures vanquished

Notes
Turn   | Place    | Note
-------+----------+-------------------------------------------
     0 | D:1      | Inarius the Human Fighter began the quest for the Orb.
     0 | D:1      | Reached XP level 1. HP: 18/18 MP: 1/1
   185 | D:1      | Reached XP level 2. HP: 18/24 MP: 2/2
   457 | D:1      | Reached XP level 3. HP: 27/29 MP: 3/3
   802 | D:2      | Noticed Robin
   843 | D:2      | Found a snail-covered altar of Cheibriados.
   891 | D:1      | Reached skill level 3 in Axes
  1133 | D:1      | Reached XP level 4. HP: 19/35 MP: 4/4
  1322 | D:2      | Killed Robin
  1553 | D:2      | Reached XP level 5. HP: 41/41 MP: 5/5
  1570 | D:2      | Reached skill level 4 in Axes
  1795 | D:2      | Found a runed translucent door.
  1796 | D:2      | Noticed Crazy Yiuf
  2293 | D:3      | Found a glowing drain.
  2302 | Sewer    | Entered a sewer
  2361 | Sewer    | Gained mutation: You are covered in fur. (AC +1) [potion of
                  | mutation]
  2361 | Sewer    | Gained mutation: You are strong-willed. (Will+) [potion of
                  | mutation]
  2361 | Sewer    | HP: 1/36 [hell rat (4)]
  2747 | D:3      | Noticed Sigmund
  3193 | D:3      | Found a sacrificial altar of Ru.
  3196 | D:3      | Noticed a sky beast
  3208 | D:3      | HP: 1/36 [something (4)]
  3208 | D:3      | Slain by a sky beast

Illustrated notes

Levels and vault maps discovered:
D:1:      enne_arrival_octagon_isle, layout_basic, minmay_tiny_reverse_x
D:2:      layout_rooms, serial_undead, serial_undead_a, serial_undead_d,
          serial_undead_b, serial_undead_b, serial_undead_a, serial_undead_f,
          serial_undead_c, serial_undead_f, basic_altar, uniq_robin,
          uniq_crazy_yiuf_cottage
D:3:      layout_loops_corners, nicolae_ru_sacrificial_ziggurat,
          portal_sewer_entry_d, corexii_corridor_pit, uniq_sigmund

Skill      XL: |  1  2  3  4  5 |
---------------+----------------+-----
Axes           | 3 4 |  4.5
Fighting       | |  3.4
Armour         | |  3.5
Shields        | |  3.3

Action                   |  1- 3 |  4- 6 || total
-------------------------+-------+-------++-------
Melee: War axe           |    48 |   136 ||   184
  Use: Scroll            |       |     4 ||     4
       Potion            |       |     2 ||     2
Armor: Scale mail        |    27 |   101 ||   128
Dodge: Dodged            |    17 |    46 ||    63
Block: Kite shield       |    23 |    73 ||    96
       Buckler           |     1 |       ||     1

Table legend: (Time is in decaauts)
 A = Elapsed time spent in this place.
 B = Non-inter-level travel time spent in this place.
 C = Inter-level travel time spent in this place.
 D = Time resting spent in this place.
 E = Time spent auto-exploring this place.
 F = Levels seen in this place.
 G = Mean time per level.
                   A        B        C        D        E       F      G
               +--------+--------+--------+--------+--------+-----+--------+
         Total |   3325 |   3153 |    172 |    912 |   1371 |   4 |  831.2 |
       Dungeon |   2904 |   2732 |    172 |    610 |   1334 |   3 |  968.0 |
         Sewer |    421 |    421 |      0 |    302 |     37 |   1 |  421.0 |
               +--------+--------+--------+--------+--------+-----+--------+

Top non-repeatable levels by time:
     D:1: 1378 daAuts
     D:2: 790 daAuts
     D:3: 735 daAuts
   Sewer: 421 daAuts
